 Dungeon Crawl Stone Soup version 0.21.0-3-g78d12a8 (webtiles) character file.

48444 MTVSty1e the Frost Mage (level 14, -18/84 HPs)
             Began as a Deep Elf Ice Elementalist on Jan 14, 2018.
             Was a High Priest of Vehumet.
             Killed from afar by a wizard (36 damage)
             ... with a bolt of lightning
             ... on level 6 of the Lair of Beasts.
             The game lasted 01:26:00 (27981 turns).

MTVSty1e the Frost Mage (DEIE)                     Turns: 27981, Time: 01:26:00

Health: -18/84     AC:  7    Str:  5    XL:     14   Next: 12%
Magic:  28/31      EV: 13    Int: 30    God:    Vehumet [*****.]
Gold:   892        SH:  6    Dex: 15    Spells: 12/35 levels left

rFire    + + .     SeeInvis .   H - +5 short sword of Meazxioll {elec, *Corrode rPois rF+ Int+4}
rCold    + + .     Gourm    .   t - +0 buckler
rNeg     + . .     Faith    .   D - +2 robe {rC+}
rPois    +         Spirit   .   e - +0 helmet
rElec    .         Reflect  .   h - +0 cloak
rCorr    .         Harm     .   m - +0 pair of gloves
MR       +....                  (no boots)
Stlth    ++........             (no amulet)
HPRegen  0.24/turn              N - ring of protection from cold
MPRegen  0.22/turn              l - ring of Xucebb {+Blink rF+ rN+}

@: very slightly contaminated
A: hooves 1, wild magic 1
a: Renounce Religion, Evoke Blink


You were on level 6 of the Lair of Beasts.
You worshipped Vehumet.
Vehumet was extremely pleased with you.
You were very hungry.

You visited 2 branches of the dungeon, and saw 18 of its levels.
You visited the Abyss 1 time.
You also visited: Sewer.

You collected 1090 gold pieces.
You spent 198 gold pieces at shops.

Inventory:

Hand Weapons
 H - the +5 short sword of Meazxioll (weapon) {elec, *Corrode rPois rF+ Int+4}
   (You found it on level 10 of the Dungeon)

   Occasionally, upon striking a foe, it will discharge some electrical energy
   and cause terrible harm.
   It affects your intelligence (+4).
   It protects you from fire.
   It protects you from poison.
   It may corrode you when you take damage.
Armour
 e - a +0 helmet (worn)
 h - a +0 cloak (worn)
 m - a +0 pair of gloves (worn)
 t - a +0 buckler (worn)
 D - a +2 robe of cold resistance (worn)
 J - a +2 robe of magic resistance
Magical Staves
 w - an uncursed staff of power
 A - an uncursed staff of wizardry
 S - an uncursed staff of conjuration
Jewellery
 j - the amulet "Baqiy" {Faith Dex+4}
   (You found it on level 8 of the Dungeon)

   [amulet of faith]

   It allows you to gain divine favour quickly.
   It affects your dexterity (+4).
 l - the ring of Xucebb (right hand) {+Blink rF+ rN+}
   (You found it on level 4 of the Lair of Beasts)

   [ring of protection from fire]

   It protects you from fire.
   It protects you from negative energy.
   It lets you blink.
 n - an uncursed ring of poison resistance
 u - an uncursed ring of ice
 y - a +3 ring of protection
 z - the ring of Ehet {Fire +Inv}
   (You found it on level 3 of the Lair of Beasts)

   [ring of fire]

   It enhances your fire magic.
   It protects you from fire.
   It makes you vulnerable to cold.
   It lets you turn invisible.
 F - an uncursed ring of wizardry
 K - an uncursed ring of flight
 N - a ring of protection from cold (left hand)
Wands
 a - a wand of enslavement (34)
 k - a wand of iceblast (9)
 q - a wand of acid (19)
 x - a wand of disintegration (19)
 C - a wand of polymorph (58)
 G - a wand of paralysis (7)
 L - a wand of digging (1)
Scrolls
 d - 2 scrolls of identify
 g - 3 scrolls of teleportation
 i - 8 scrolls of enchant armour
 r - 3 scrolls of remove curse
 v - 4 scrolls of fog
 M - a scroll of fear {unknown}
 O - a scroll of enchant weapon
Potions
 f - 3 potions of might
 p - a potion of resistance
 s - a potion of lignification
 B - 2 potions of mutation
 E - 5 potions of curing
 P - a potion of cancellation
 T - 2 potions of ambrosia {unknown}
Books
 b - a book of Frost

   Spells                             Type                      Level
   a - Freeze                         Ice                          1
   b - Throw Frost                    Conjuration/Ice              2
   c - Ozocubu's Armour               Charms/Ice                   3
   d - Throw Icicle                   Conjuration/Ice              4
   e - Summon Ice Beast               Ice/Summoning                4
 I - a book of Party Tricks

   Spells                             Type                      Level
   a - Summon Butterflies             Summoning                    1
   b - Apportation                    Translocation                1
   c - Lesser Beckoning               Translocation                3
   d - Tukima's Dance                 Hexes                        3
   e - Alistair's Intoxication        Transmutation/Poison         5
   f - Invisibility                   Hexes                        6
 Q - a book of Misfortune

   Spells                             Type                      Level
   a - Confusing Touch                Hexes                        1
   b - Confuse                        Hexes                        3
   c - Gell's Gravitas                Translocation                3
   d - Petrify                        Transmutation/Earth          4
   e - Metabolic Englaciation         Hexes/Ice                    5
   f - Yara's Violent Unravelling     Hexes/Transmutation          5
Comestibles
 c - 3 rations


   Skills:
 + Level 8.6 Fighting
 + Level 7.7 Short Blades
 - Level 5.6 Staves
 - Level 2.4 Dodging
 - Level 2.4 Stealth
 + Level 6.3 Shields
 - Level 11.0 Spellcasting
 + Level 9.7 Conjurations
 * Level 5.4 Hexes
 - Level 5.6 Charms
 + Level 2.9 Transmutations
 + Level 13.9 Ice Magic
 - Level 5.4 Evocations


You had 12 spell levels left.
You knew the following spells:

 Your Spells              Type           Power        Failure   Level  Hunger
a - Freeze                Ice            ####         1%          1    None
b - Throw Icicle          Conj/Ice       #######.     1%          4    None
c - Ozocubu's Armour      Chrm/Ice       #######.     1%          3    None
d - Summon Ice Beast      Ice/Summ       ######..     3%          4    None
e - Yara's Violent Unrav  Hex/Tmut       ######....   6%          5    ###....
f - Bolt of Cold          Conj/Ice       #######...   1%          6    #####..


Dungeon Overview and Level Annotations

Branches:
Dungeon (12/15)            Temple (0/1) D:5            Lair (6/6) D:9
  Swamp (0/4) Lair:4       Spider (0/4) Lair:3        Slime (0/5) Lair:5
    Orc (0/2) D:10

Altars:
Gozag
Kikubaaqudgha
Nemelex Xobeh
Qazlal
Sif Muna
Uskayaw
Vehumet
Jiyva

Shops:
D:4 *   D:8 *   D:11 }

Annotations:
D:5 Dowan
D:6 exclusion: oklob plant


Innate Abilities, Weirdness & Mutations

You have large cloven feet.
Your spells are a little harder to cast, but a little more powerful.


Message History

The bolt of cold hits the wizard.
The wizard is almost dead.
You are feeling very hungry.
The wizard mumbles some strange words.
The wizard flickers and vanishes!
Casting: Bolt of Cold
Confirm with . or Enter, or press ? or * to list all spells.
You can't see any susceptible monsters within range! (Use Z to cast anyway.) Unknown command.
There is an open door here.
You close the door.
The forest fire spreads!
A bolt of lightning appears from out of thin air!
The bolt of lightning hits you!
* * * LOW HITPOINT WARNING * * *
The tree burns like a torch!
You are engulfed in blazing flames.
You resist.
* * * LOW HITPOINT WARNING * * *
A bolt of lightning appears from out of thin air!
The bolt of lightning hits you!
You die...

# ##........#.#..................
###P........[#.#....[............
.......................♣♣♣♣....P.
..♣♣.....♣♣.♣♣.......♣♣♣ ♣♣♣....
♣♣♣♣♣..♣♣♣ ♣♣♣♣.♣...♣♣ ♣.... ♣♣♣♣
♣♣♣.♣♣♣ ♣♣... ♣.♣♣ ♣♣.. ♣.♣♣
♣♣♣♣... ♣♣@.♣♣ ♣♣♣...... ♣♣
♣♣....♣♣♣♣♣♣..♣♣♣... ÷.♣♣
♣♣♣§§.♣.......♣♣♣♣..Y. ...♣♣♣♣
♣♣♣♣.§§§♣♣♣♣...♣♣♣ ♣♣.÷÷
♣♣....♣♣♣...♣♣♣§.♣♣♣♣♣♣♣ ♣♣♣...
♣♣♣..§....♣♣ ♣♣..♣♣ ♣.....
♣.§§♣♣.♣♣ ♣♣..♣♣ ♣♣....
#####'♣♣♣♣♣ ♣♣♣..♣♣ ♣.... .....#♣
♣♣..♣..♣ ♣....


There were no monsters in sight!

Vanquished Creatures
  A lich (Abyss:2)
  A tentacled starspawn (Abyss:2)
  2 dire elephants (Lair:6)
  The ghost of Amaterasu the Frost Mage, a journeyman DrIE of Fedhas (Lair:3)
  6 hydras
  2 two-headed ogres
  A death yak (Lair:1)
  5 lindwurms (Lair:4)
  3 oklob plants
  An orc sorcerer (D:10)
  2 wolf spiders (Lair:3)
  3 elephants (Lair:4)
  A manticore (D:11)
  Psyche (D:8)
  Joseph (D:8)
  A torpor snail (Lair:1)
  4 spiny frogs
  3 black mambas (Lair:6)
  2 rime drakes (Lair:6)
  14 komodo dragons
  Prince Ribbit (D:8)
  2 polar bears (Lair:6)
  A troll (D:10)
  19 blink frogs
  5 hippogriffs
  A redback (Lair:3)
  A spriggan (D:7)
  2 wyverns
  A wraith (D:10)
  37 yaks
  A ynoxinul (Abyss:2)
  2 basilisks
  2 hungry ghosts
  2 small abominations (Abyss:2)
  A two-headed ogre zombie (D:10)
  Duvessa (D:5)
  7 hell hounds
  5 porcupines
  3 ice beasts
  17 water moccasins
  2 orc warriors
  Purgy (Sewer)
  A black bear (D:11)
  4 phantoms
  An eye of draining (D:11)
  2 necrophages
  A hornet zombie (D:11)
  7 ogres
  12 wolves
  10 centaurs
  13 crocodiles
  A big kobold (D:9)
  9 bullfrogs
  A troll zombie (D:10)
  A scorpion (D:6)
  4 killer bees
  5 crimson imps
  5 howler monkeys
  3 centaur zombies
  5 hounds
  6 jellies
  A bullfrog skeleton (D:9)
  5 orc priests
  12 orc wizards
  13 iguanas
  6 worker ants
  6 ogre zombies (D:10)
  A hound zombie (D:8)
  A hound skeleton (D:6)
  A worker ant zombie (D:10)
  16 adders
  3 gnolls (D:3)
  A river rat (D:5)
  3 shadow imps
  14 oozes
  2 adder skeletons
  An adder zombie (D:5)
  4 worms
  A dart slug (D:1)
  6 leopard geckos
  33 orcs
  5 bats
  5 giant cockroaches
  8 goblins
  8 hobgoblins
  14 jackals
  12 kobolds
  8 quokkas
  8 frilled lizards
  A goblin skeleton (D:10)
  2 goblin zombies (D:10)
  2 hobgoblin skeletons (D:10)
  3 hobgoblin zombies (D:10)
  2 leopard gecko skeletons (D:4)
  A leopard gecko zombie (D:7)
  6 orc skeletons (D:10)
  11 orc zombies (D:10)
  13 rats
  A fungus (Lair:6)
500 creatures vanquished.

Vanquished Creatures (collateral kills)
  A blink frog (Lair:6)
  A wolf (Lair:6)
2 creatures vanquished.

Vanquished Creatures (others)
  A crimson imp (D:9)
  A centaur zombie (D:9)
  A jelly (D:9)
  11 fungi
  4 plants
18 creatures vanquished.

Grand Total: 520 creatures vanquished

Notes
Turn   | Place    | Note
-------+----------+-------------------------------------------
     0 | D:1      | MTVSty1e the Deep Elf Ice Elementalist began the quest for the Orb.
     0 | D:1      | Reached XP level 1. HP: 10/10 MP: 6/6
   527 | D:1      | Reached XP level 2. HP: 9/16 MP: 8/8
  1302 | D:1      | Reached skill level 4 in Ice Magic
  1535 | D:1      | Reached XP level 3. HP: 20/20 MP: 10/10
  1681 | D:2      | Reached skill level 1 in Fighting
  1909 | D:2      | Reached XP level 4. HP: 3/25 MP: 7/12
  1910 | D:2      | HP: 1/25 [jackal (2)]
  2464 | D:2      | Found a radiant altar of Vehumet.
  2464 | D:2      | Found a deep blue altar of Sif Muna.
  2468 | D:2      | Became a worshipper of Vehumet
  3096 | D:3      | Learned a level 4 spell: Throw Icicle
  3101 | D:3      | Learned a level 3 spell: Ozocubu's Armour
  3296 | D:3      | Reached * piety under Vehumet
  3296 | D:3      | Offered knowledge of Shock by Vehumet.
  3296 | D:3      | Reached skill level 5 in Ice Magic
  3299 | D:3      | Reached XP level 5. HP: 21/29 MP: 6/13
  3340 | D:3      | Found an ancient bone altar of Kikubaaqudgha.
  4109 | D:4      | Noticed a phantom
  4139 | D:3      | Gained mutation: Your spells are a little harder to cast, but a little more powerful. [potion of mutation]
  4139 | D:3      | Gained mutation: You have large cloven feet. [potion of mutation]
  4491 | D:4      | Found Mask's Assorted Antiques.
  4499 | D:4      | Bought a scroll labeled YBLIM MELOLE for 28 gold pieces
  5269 | D:5      | Entered Level 5 of the Dungeon
  5322 | D:5      | Reached skill level 1 in Charms
  5335 | D:5      | Found a glowing drain.
  5367 | Sewer    | Entered a sewer
  5583 | Sewer    | Noticed Purgy
  5588 | Sewer    | Killed Purgy
  5588 | Sewer    | Reached XP level 6. HP: 21/35 MP: 12/15
  5813 | D:5      | Reached skill level 5 in Spellcasting
  5827 | D:5      | Reached ** piety under Vehumet
  5827 | D:5      | Reached skill level 6 in Ice Magic
  5878 | D:5      | Offered knowledge of Sting by Vehumet.
  5921 | D:5      | Found a staircase to the Ecumenical Temple.
  6326 | D:5      | Reached XP level 7. HP: 14/40 MP: 3/16
  6756 | D:5      | Noticed Dowan
  6757 | D:5      | Noticed Duvessa
  6948 | D:5      | Killed Duvessa
  6948 | D:5      | Reached skill level 5 in Charms
  7164 | D:5      | Reached skill level 7 in Ice Magic
  7408 | D:5      | Reached XP level 8. HP: 40/46 MP: 6/19
  7762 | D:6      | Found a stormy altar of Qazlal.
  7799 | D:6      | Reached skill level 1 in Staves
  7995 | D:6      | Offered knowledge of Dazzling Spray by Vehumet.
  8332 | D:6      | Noticed an oklob plant
  8349 | D:6      | Reached skill level 8 in Ice Magic
  8357 | D:6      | Reached *** piety under Vehumet
  8837 | D:7      | Noticed a hippogriff
  8922 | D:7      | Offered knowledge of Force Lance by Vehumet.
  9016 | D:7      | Reached XP level 9. HP: 52/52 MP: 16/21
  9171 | D:7      | Reached skill level 9 in Ice Magic
  9306 | D:7      | Found a sparkling altar of Nemelex Xobeh.
  9307 | D:7      | Found an opulent altar of Gozag.
  9679 | D:8      | Noticed Joseph
 10872 | D:8      | Got a clouded copper amulet
 10876 | D:8      | Found Naomp's Assorted Antiques.
 10888 | D:8      | Bought an ivory ring for 170 gold pieces
 11004 | D:8      | Noticed a two-headed ogre
 11009 | D:8      | Killed a two-headed ogre
 11009 | D:8      | Reached **** piety under Vehumet
 11009 | D:8      | Reached skill level 10 in Ice Magic
 11114 | D:9      | Reached skill level 5 in Conjurations
 11399 | D:8      | Identified the amulet "Baqiy" {Faith Dex+4} (You found it on level 8 of the Dungeon)
 11435 | D:8      | Killed Joseph
 11435 | D:8      | Reached skill level 5 in Fighting
 11435 | D:8      | Reached XP level 10. HP: 42/59 MP: 6/24
 11568 | D:8      | Noticed Prince Ribbit
 11570 | D:8      | Killed Prince Ribbit
 11682 | D:8      | Noticed Psyche
 11684 | D:8      | Killed Psyche
 11684 | D:8      | Offered knowledge of Static Discharge by Vehumet.
 12215 | D:9      | Found a staircase to the Lair.
 12346 | D:9      | Found a hide-covered altar of Uskayaw.
 12797 | D:9      | Found a stormy altar of Qazlal.
 12888 | D:9      | Reached skill level 5 in Staves
 12888 | D:9      | Reached skill level 11 in Ice Magic
 13299 | D:10     | Entered Level 10 of the Dungeon
 13604 | D:10     | Noticed an orc sorcerer
 13627 | D:11     | Noticed a manticore
 13898 | D:10     | Reached skill level 1 in Shields
 13908 | D:10     | Reached ***** piety under Vehumet
 13910 | D:10     | Offered knowledge of Conjure Ball Lightning by Vehumet.
 14397 | Lair:1   | Entered Level 1 of the Lair of Beasts
 14809 | D:9      | Reached XP level 11. HP: 47/64 MP: 19/26
 15606 | D:10     | Killed an orc sorcerer
 15606 | D:10     | Reached skill level 1 in Short Blades
 15606 | D:10     | Reached skill level 10 in Spellcasting
 15623 | D:10     | Found a staircase to the Orcish Mines.
 16296 | D:10     | Got an encrusted short sword
 16297 | D:10     | Identified the +5 short sword of Meazxioll {elec, *Corrode rPois rF+ Int+4} (You found it on level 10 of the Dungeon)
 16428 | D:11     | Found Gero's Gadget Boutique.
 17035 | D:11     | Noticed a five-headed hydra
 17038 | D:11     | Killed a five-headed hydra
 17051 | D:11     | Reached skill level 12 in Ice Magic
 17223 | D:11     | Noticed a two-headed ogre
 17226 | D:11     | Killed a two-headed ogre
 17698 | D:11     | Offered knowledge of Yara's Violent Unravelling by Vehumet.
 18429 | Lair:1   | Reached XP level 12. HP: 71/71 MP: 17/28
 19681 | Lair:2   | Noticed a death yak
 19708 | Lair:1   | Reached skill level 5 in Short Blades
 20070 | Lair:1   | Killed a death yak
 20827 | Lair:3   | Noticed Amaterasu's ghost (journeyman DrIE)
 20858 | Lair:2   | Learned a level 4 spell: Summon Ice Beast
 20925 | Lair:3   | Reached skill level 13 in Ice Magic
 21166 | Lair:3   | Got a scintillating golden ring
 21170 | Lair:3   | Identified the ring of Ehet {Fire +Inv} (You found it on level 3 of the Lair of Beasts)
 21406 | Lair:3   | Found a hole to the Spider Nest.
 21803 | Lair:3   | Killed Amaterasu's ghost
 21803 | Lair:3   | Reached skill level 5 in Shields
 22524 | Lair:3   | Reached skill level 1 in Evocations
 22613 | Lair:4   | Noticed a six-headed hydra
 22615 | Lair:4   | Killed a six-headed hydra
 22622 | Lair:4   | Found a staircase to the Swamp.
 22755 | Lair:4   | Reached XP level 13. HP: 78/78 MP: 20/30
 23821 | Lair:4   | Got a translucent bronze ring
 23868 | Lair:4   | Identified the ring of Xucebb {+Blink rF+ rN+} (You found it on level 4 of the Lair of Beasts)
 23905 | Lair:5   | Found a viscous altar of Jiyva.
 23905 | Lair:5   | Found a staircase to the Slime Pits.
 24188 | Lair:5   | Learned a level 5 spell: Yara's Violent Unravelling
 24787 | Lair:5   | Offered knowledge of Bolt of Cold by Vehumet.
 25233 | Lair:6   | Entered Level 6 of the Lair of Beasts
 25328 | Lair:6   | Reached skill level 5 in Evocations
 26005 | Lair:6   | Reached skill level 1 in Hexes
 26566 | Lair:6   | Reached skill level 1 in Transmutations
 26935 | Lair:6   | Noticed a dire elephant
 27071 | Lair:6   | Killed a dire elephant
 27122 | Lair:6   | Noticed a dire elephant
 27145 | Lair:5   | Learned a level 6 spell: Bolt of Cold
 27201 | Lair:6   | Killed a dire elephant
 27560 | Lair:6   | Cast into level 2 of the Abyss (a wizard)
 27577 | Abyss:2  | Noticed a tentacled starspawn
 27588 | Abyss:2  | Killed a tentacled starspawn
 27588 | Abyss:2  | Reached XP level 14. HP: 64/84 MP: 20/31
 27635 | Abyss:2  | Noticed a lich
 27652 | Abyss:2  | Killed a lich
 27652 | Abyss:2  | Reached skill level 5 in Hexes
 27967 | Lair:6   | Escaped the Abyss
 27981 | Lair:6   | Killed from afar by a wizard

Skill      XL: |  1  2  3  4  5  6  7  8  9 10 11 12 13 14 |
---------------+-------------------------------------------+-----
Ice Magic      | 4 5 6 7 8 10 11 12 13 | 13.9
Fighting       | 1 2 3 5 6 7 8 |  8.6
Spellcasting   | 4 5 6 7 8 9 10 11 | 11.0
Charms         | 2 3 5 |  5.6
Conjurations   | 3 5 6 7 8 9 |  9.7
Staves         | 2 4 5 |  5.6
Shields        | 1 4 5 6 |  6.3
Short Blades   | 4 6 7 |  7.7
Evocations     | 2 5 |  5.4
Hexes          | 4 5 |  5.4
Transmutations | 2 |  2.9
Dodging        | |  2.4
Stealth        | |  2.4

Action                   |  1- 3 |  4- 6 |  7- 9 | 10-12 | 13-15 || total
-------------------------+-------+-------+-------+-------+-------++-------
Melee: Dagger            |    45 |   238 |    60 |   214 |       ||   557
       Unarmed           |    10 |       |       |       |       ||    10
       Kick              |       |     9 |    15 |   113 |    27 ||   164
       Staff             |       |       |    40 |     3 |       ||    43
       Short sword       |       |       |       |   260 |   125 ||   385
 Cast: Freeze            |    19 |    22 |    69 |    48 |     4 ||   162
       Ozocubu's Armour  |       |     8 |     6 |    25 |    11 ||    50
       Throw Icicle      |       |    15 |   118 |   263 |   146 ||   542
       Bolt of Cold      |       |       |       |       |    18 ||    18
       Summon Ice Beast  |       |       |       |       |     1 ||     1
 Abil: Stop Flying       |       |       |       |       |     1 ||     1
       Evoke Flight      |       |       |       |       |     1 ||     1
Evoke: Wand              |       |       |       |     2 |       ||     2
  Use: Scroll            |       |    11 |     4 |    15 |     4 ||    34
       Potion            |       |     3 |    10 |     4 |     7 ||    24
 Stab: Sleeping          |     2 |     6 |       |     2 |       ||    10
       Distracted        |       |     2 |       |     2 |       ||     4
  Eat: Chunk             |     3 |     8 |     6 |     8 |     5 ||    30
       Ration            |       |     3 |     6 |    10 |     4 ||    23
Armor: Robe              |    16 |    93 |    73 |   181 |    62 ||   425
       Skin              |       |       |    71 |     1 |       ||    72
Dodge: Dodged            |    38 |   191 |   166 |   280 |   113 ||   788
Block: Buckler           |       |       |       |   125 |    33 ||   158
